 Dungeon Crawl Stone Soup version 0.28.0-45-g0d030f2227 (webtiles) character file.

Game seed: 15938332811536909026

133 issech the Cudgeller (level 4, 0/44 HPs)
             Began as a Troll Monk on Apr 24, 2022.
             Killed by divine providence
             ... invoked by an orc priest
              (8 damage)
             ... on level 3 of the Dungeon.
             The game lasted 00:07:15 (1722 turns).

issech the Cudgeller (Troll Monk)                   Turns: 1722, Time: 00:07:16

Health: 0/44       AC:  4    Str: 19    XL:     4   Next: 93%
Magic:  3/3        EV: 10    Int:  6    God:
Gold:   76         SH:  0    Dex: 14    Spells: 3/3 levels left

rFire   . . .      SeeInvis .   a - +0 mace
rCold   . . .      Faith    .   (no shield)
rNeg    . . .      Spirit   .   b - +0 robe
rPois   .          Reflect  .   (helmet restricted)
rElec   .          Harm     .   (no cloak)
rCorr   .          Rampage  .   (gloves unavailable)
Will    .....                   (boots unavailable)
Stlth   ++........              (no amulet)
HPRegen 0.94/turn               (no ring)
MPRegen 0.08/turn               (no ring)

@: no status effects
A: large, unfitting armour, claws 3, regeneration 1, shaggy fur 1, tough skin 1
a: no special abilities


You were on level 3 of the Dungeon.
You visited 1 branch of the dungeon, and saw 3 of its levels.

You collected 76 gold pieces.

Inventory:

Hand Weapons
 a - a +0 mace (weapon)
 l - a +0 hunting sling
Missiles
 c - 33 arrows
 h - 3 atropa-tipped darts (quivered)
 k - a throwing net
 n - 11 poisoned darts
Armour
 b - a +0 robe (worn)
Magical Staves
 r - a staff of conjuration
Scrolls
 d - a scroll of identify {unknown}
 e - 3 scrolls of teleportation {unknown}
 i - a scroll of fog {unknown}
 m - a scroll of enchant weapon {unknown}
 p - a scroll of enchant armour {unknown}
 q - a scroll of immolation {unknown}
 s - a scroll of vulnerability {unknown}
Potions
 f - 2 potions of lignification {unknown}
 g - a potion of haste {unknown}
 j - 2 potions of degeneration {unknown}
 o - 2 potions of curing {unknown}


   Skills:
 + Level 2.9 Fighting
 + Level 4.0 Maces & Flails
 + Level 0.5 Throwing
 + Level 3.1 Dodging
 + Level 1.2 Stealth


You had 3 spell levels left.
You didn't know any spells.
Your spell library contained the following spells:

 Spells                   Type           Power      Damage    Failure   Level
 Slow                     Hex            0%         N/A       45%         1
 Confusing Touch          Hex            0%         N/A       83%         3
 Vampiric Draining        Necr           0%         2d6       83%         3


Dungeon Overview and Level Annotations

Branches:
Dungeon (3/15)

Altars:
Sif Muna

Shops:
D:1 !


Innate Abilities, Weirdness & Mutations

You are too large for most types of armour.
You have claws for hands.
Your natural rate of healing is unusually fast.
You are covered in fur. (AC +1)
You have tough skin. (AC +1)


Message History

The orc wizard casts a spell.
The orc wizard flickers and vanishes!
Deactivating autopickup; reactivate with Ctrl-A.
The orc closely misses you.
Unknown command.
You sock the orc!
You kill the orc!
The orc priest hits you but does no damage.
The endoplasm freezes you.
You are frozen.
You hit the orc priest but do no damage.
The orc priest is moderately wounded.
The orc priest barely misses you. The endoplasm freezes you.
You are frozen.
The orc priest hits you but does no damage.
You hit the orc priest but do no damage.
The orc priest is moderately wounded.
The endoplasm barely misses you. Something hits you.
The orc priest hits you but does no damage.
The endoplasm closely misses you. Something hits you but does no damage.
You hit the orc priest but do no damage.
The orc priest is moderately wounded.
The orc priest hits you but does no damage.
The endoplasm hits you.
You hear some strange, mumbled words.
Something tries to affect you, but you resist.
You hit the orc priest but do no damage.
The orc priest is moderately wounded.
The orc priest calls down the wrath of Beogh upon you.
Beogh smites you!
* * * LOW HITPOINT WARNING * * *
The endoplasm freezes you.
You are frozen.
* * * LOW HITPOINT WARNING * * *
Something hits you.
* * * LOW HITPOINT WARNING * * *
The orc priest calls down the wrath of Beogh upon you.
Beogh smites you!
You die...

# #.# # ##.##.# ..
...##!####... ##
<.......... . ##..#.....
##. #..##.).#
.##...####....oJ[#
....#.#.....##..##
.......#.....@..# .###..
#....#####.#
#......##..#.# .... ...
#......#.# ?.>.... ..
#......#.# ....(.....
.####........##..........
#.........##..#..$.......
#.........#...#######...#
.<........#.#..###


You could see an orc priest and an endoplasm.

Vanquished Creatures
  A centaur zombie (D:3)
  3 adders (D:2)
  A white imp (D:3)
  2 worms
  3 dart slugs (D:1)
  2 orcs (D:3)
  4 ball pythons
  6 bats
  An endoplasm (D:1)
  5 giant cockroaches
  A goblin (D:1)
  4 hobgoblins
  4 jackals (D:1)
  3 quokkas (D:1)
  4 frilled lizards
  6 kobolds
  3 rats
53 creatures vanquished.

Notes
Turn   | Place    | Note
-------+----------+-------------------------------------------
     0 | D:1      | issech the Troll Monk began the quest for the Orb.
     0 | D:1      | Reached XP level 1. HP: 22/22 MP: 0/0
   152 | D:1      | Reached XP level 2. HP: 19/29 MP: 1/1
   196 | D:1      | Found Urahom's Distillery.
   206 | D:1      | Reached skill level 3 in Maces & Flails
   373 | D:1      | Reached XP level 3. HP: 31/36 MP: 2/2
   702 | D:2      | Found a shimmering blue altar of Sif Muna.
  1158 | D:2      | Reached XP level 4. HP: 33/44 MP: 3/3
  1653 | D:3      | Reached skill level 4 in Maces & Flails
  1722 | D:3      | Killed from afar by an orc priest

Illustrated notes

Levels and vault maps discovered:
D:1:      amcnicky_arrival_underground_garden, layout_rooms, serial_shops, shop
D:2:      layout_basic, basic_altar, patterned_corridor
D:3:      layout_rooms, mainiacjoe_overflow_alcove_2, portal_sewer_entry_e

Skill      XL: |  1  2  3  4 |
---------------+-------------+-----
Maces & Flails | 3 4 |  4.0
Dodging        | 3 |  3.1
Fighting       | |  2.9
Throwing       | |  0.5
Stealth        | |  1.2

Action                   |  1- 3 |  4- 6 || total
-------------------------+-------+-------++-------
Melee: Mace              |   116 |    71 ||   187
       Punch             |     4 |     1 ||     5
Throw: Dart              |     6 |       ||     6
 Stab: Sleeping          |     3 |     2 ||     5
Armor: Robe              |    68 |    37 ||   105
Dodge: Dodged            |    84 |    58 ||   142
